 Dungeon Crawl Stone Soup version 0.28.0 (webtiles) character file.

Game seed: 13024642739502292572

256 Ayyar the Covered (level 6, -12/39 HPs)
             Began as a Gargoyle Fighter on Apr 21, 2022.
             Blown up by Ijyb (20 damage)
             ... with a mindburst bolt
             ... on level 4 of the Dungeon.
             The game lasted 00:07:00 (3252 turns).

Ayyar the Covered (Gargoyle Fighter)                Turns: 3252, Time: 00:07:00

Health: -12/39     AC: 14    Str: 22    XL:     6   Next: 16%
Magic:  6/6        EV:  9    Int:  8    God:
Gold:   124        SH:  4    Dex:  9    Spells: 5/5 levels left

rFire   . . .      SeeInvis .   a - +0 flail
rCold   . . .      Faith    .   c - +0 buckler
rNeg    + . .      Spirit   .   b - +0 scale mail
rPois   ∞          Reflect  .   (no helmet)
rElec   +          Harm     .   t - +2 cloak
rCorr   .          Rampage  .   (no gloves)
Will    .....                   (no boots)
Stlth   ..........              r - amulet of the acrobat
HPRegen 0.13/turn               (no ring)
MPRegen 0.10/turn               (no ring)

@: no status effects
A: sickness immunity, AC +4, negative energy resistance 1, electricity
resistance, torment resistance 1, petrification resistance
a: no special abilities


You were on level 4 of the Dungeon.
You visited 1 branch of the dungeon, and saw 4 of its levels.

You collected 124 gold pieces.

Inventory:

Hand Weapons
 a - a +0 flail (weapon)
Missiles
 m - 2 boomerangs (quivered)
Armour
 b - a +0 scale mail (worn)
 c - a +0 buckler (worn)
 i - a +0 kite shield
 t - a +2 cloak (worn)
Jewellery
 r - an amulet of the acrobat (around neck)
Scrolls
 e - a scroll of brand weapon {unknown}
 f - 2 scrolls of amnesia {unknown}
 h - a scroll of identify {unknown}
 j - a scroll of enchant weapon {unknown}
 l - 3 scrolls of immolation {unknown}
 o - a scroll of vulnerability {unknown}
 q - 3 scrolls of fog {unknown}
 s - a scroll of teleportation {unknown}
Potions
 d - a potion of might
 g - a potion of degeneration {unknown}
 k - a potion of heal wounds {unknown}
 n - 2 potions of invisibility {unknown}
 p - a potion of curing {unknown}
 u - a potion of mutation {unknown}


   Skills:
 + Level 4.6 Fighting
 + Level 3.5 Maces & Flails
 + Level 4.7 Armour
 + Level 4.6 Shields


You had 5 spell levels left.
You didn't know any spells.
Your spell library contained the following spells:

 Spells                   Type           Power      Damage    Failure   Level
 Sandblast                Erth           0%         2d4       80%         1
 Passwall                 Tmut/Erth      0%         N/A       91%         2
 Stone Arrow              Conj/Erth      0%         3d7       99%         3


Dungeon Overview and Level Annotations

Branches:
Dungeon (4/15)
 Temple: D:4-7

Altars:
Kikubaaqudgha

Annotations:
D:4 Ijyb


Innate Abilities, Weirdness & Mutations

You are immune to sickness and miasma.
Your stone body is resilient. (AC +4)
You are immune to poison.
You resist negative energy. (rN+)
You are resistant to electric shocks. (rElec)
You are resistant to unholy torment.
You are immune to petrification.


Message History

Ijyb zaps a wand.
You barely resist.
Ijyb zaps a wand.
Your mind is blasted!
You closely miss Ijyb.
Ijyb is moderately wounded.
Ijyb hits you but does no damage.
You hit Ijyb but do no damage.
Ijyb is moderately wounded.
Ijyb hits you with a +6 spectral club.
You barely miss Ijyb.
Ijyb is moderately wounded.
Ijyb barely misses you. Ijyb hits you but does no damage.
You closely miss Ijyb.
Ijyb is moderately wounded.
Ijyb barely misses you.
You closely miss Ijyb.
Ijyb is moderately wounded.
Ijyb hits you but does no damage.
You closely miss Ijyb.
Ijyb is moderately wounded.
Ijyb screams, "I no like you!" You block Ijyb's attack.
You hit Ijyb.
Ijyb is moderately wounded.
Ijyb hits you with a +6 spectral club!
* * * LOW HITPOINT WARNING * * *
Ijyb hits you but does no damage.
You closely miss Ijyb.
Ijyb is moderately wounded.
Ijyb zaps a wand.
Your mind is blasted!
* * * LOW HITPOINT WARNING * * *
You hit Ijyb.
Ijyb is heavily wounded.
Ijyb closely misses you.
You hit Ijyb.
Ijyb is heavily wounded.
Ijyb barely misses you.
You hit Ijyb.
Ijyb is severely wounded.
Ijyb zaps a wand.
Your mind is blasted!
Ouch! That really hurt!
You die...

...........5.....?.
+# ..
.....#########...##
.# # ..#.## #.## .#
# .##.# #.# .# #
....# #.# ####.# ##
.#### #.# #....+#
#. .#
#Z#####...#.## #.
.# #g##.........#
#. .#
#.@..........# #.
.# ####.........##
## .# ####.......#
# ## #......######
#...#.####...
##.........##
###########


You could see Ijyb and an adder skeleton.

Vanquished Creatures
  A scorpion (D:4)
  A centaur skeleton (D:4)
  An orc priest (D:3)
  2 hound skeletons (D:4)
  4 adders
  An ufetubus (D:2)
  A worm (D:2)
  A dart slug (D:2)
  14 orcs (D:3)
  9 endoplasms
  3 giant cockroaches
  3 goblins
  9 hobgoblins
  A ball python (D:2)
  A bat (D:1)
  3 frilled lizards
  5 kobolds
  5 rats
65 creatures vanquished.

Notes
Turn   | Place    | Note
-------+----------+-------------------------------------------
     0 | D:1      | Ayyar the Gargoyle Fighter began the quest for the Orb.
     0 | D:1      | Reached XP level 1. HP: 14/14 MP: 1/1
   480 | D:1      | Reached XP level 2. HP: 19/19 MP: 2/2
   762 | D:2      | Reached XP level 3. HP: 15/24 MP: 3/3
  1316 | D:2      | Found an ancient bone altar of Kikubaaqudgha.
  1540 | D:2      | Reached XP level 4. HP: 27/29 MP: 4/4
  2463 | D:3      | Reached XP level 5. HP: 32/33 MP: 5/5
  3079 | D:4      | Noticed a lemure
  3079 | D:4      | Noticed a lemure
  3159 | D:4      | Reached XP level 6. HP: 34/39 MP: 6/6
  3234 | D:4      | Noticed Ijyb
  3252 | D:4      | Blown up by Ijyb

Illustrated notes

Levels and vault maps discovered:
D:1:      arrival_zaba_pyramid, layout_rooms
D:2:      layout_loops_corners, basic_altar
D:3:      layout_basic
D:4:      layout_loops_corners, general_overflow_altar, temple_doors_e,
          st_stairs_14, minmay_misc_feat_nine_boxes, uniq_ijyb, uniq_pikel

Skill      XL: |  1  2  3  4 |
---------------+-------------+-----
Fighting       | 4 |  4.6
Armour         | 4 |  4.7
Shields        | 4 |  4.6
Maces & Flails | 3 |  3.5

Action                   |  1- 3 |  4- 6 || total
-------------------------+-------+-------++-------
Melee: Flail             |    88 |   134 ||   222
Armor: Scale mail        |    45 |    50 ||    95
Dodge: Dodged            |    39 |    58 ||    97
Block: Buckler           |    17 |    34 ||    51
